[Event "*** Titled Tuesday Blitz"]
[Site "Chess.com"]
[Date "2018.05.01"]
[Round "3"]
[White "daro94"]
[Black "platy3"]
[Result "0-1"]
[WhiteElo "2718"]
[BlackElo "2677"]
[TimeControl "180+2"]
[EndTime "13:43:05 PDT"]
[Termination "platy3 won by resignation"]

1. Nf3 Nf6 2. c4 g6 3. g3 Bg7 4.
Bg2 O-O 5. O-O d6 6. Nc3 Nc6 7. d4 e5 8. d5 Nb8 9. Ne1 a5 10. b3 Na6 11. Rb1 Ne8 12. e4 f5 13.
exf5 gxf5 14. a3 Nc5 15. b4 axb4 16. axb4 Nd7 17. Bb2 Nb6 18. Qb3 Bd7 19. c5 Na4 20. c6 Nxc3 21. Bxc3 Bc8 22. f4 e4 23. Nc2 Bxc3 24.
Qxc3 Qf6 25. Rb3 bxc6 26. dxc6 Be6 27. Qxf6 Nxf6 28. Ra3 Bc4 29. Rfa1 Rxa3 30. Rxa3 Rb8 31. Bh3 Bd3 32. Ne3 Rxb4 33. Bxf5 Rb1+ 34. Kg2 Rb2+ 35. Kh3 Re2 36. Ng4 Nxg4 37. Kxg4 Rc2 38. Ra8+ Kg7 39. Rd8 Rxc6 40. Rd7+ Kf6 41. Bxh7 Rc2 42. h3 Ke6 43. Bf5+ Kf6 44. Bh7 Ke6 45. Bf5+ Kf6 46. Bh7 Be2+ 47.
Kh4 Bf3 48. g4 Rc5 49. Kg3 Ke6 50. Rg7 Kf6 51. Rd7 Rc3 52. Kh4 Bg2 53. g5+ Ke6 54.
Rd8 Rxh3+ 55. Kg4 Rxh7 56. g6 Bf3+ 57. Kg3 Rg7 58. Re8+ Kf5 59. Rf8+ Kxg6 60. f5+ Kg5 61. f6 Rg6 62. f7 Kf6+ 63. Kf4 Ke7 64. Rc8 Kxf7 65. Rxc7+ Kf6 66. Rd7 Rg4+ 67. Ke3 Ke5 68. Re7+ Kd5 69. Rh7 Rg1 70. Rc7 Re1+ 71. Kf4 Kd4 72. Ra7 d5 73. Ra4+ Kd3 74. Ra3+ Ke2 75. Ra2+ Kf1 76. Kg3 d4 77. Rd2 d3 78. Rh2 Re2 79.
Rh8 Rg2+ 80. Kf4 d2 81. Ke3 d1=Q 82. Rh1+ Rg1 83. Rxg1+ Kxg1 0-1

[Event "*** Titled Tuesday Blitz"]
[Site "Chess.com"]
[Date "2018.05.01"]
[Round "3"]
[White "ChessicallyInclined"]
[Black "GP9isback23"]
[Result "0-1"]
[WhiteElo "2186"]
[BlackElo "2257"]
[TimeControl "180+2"]
[EndTime "13:43:07 PDT"]
[Termination "GP9isback23 won by resignation"]

1. d4 Nf6 2. c4 e6 3. Nc3 Bb4 4.
e3 O-O 5. Ne2 Nc6 6. a3 Bxc3+ 7.
Nxc3 d6 8. Bd3 e5 9. d5 Ne7 10. e4 Nd7 11. O-O f5 12. exf5 Nxf5 13. Bxf5 Rxf5 14.
Ne4 h6 15. Be3 Qf8 16. c5 Rf7 17. cxd6 cxd6 18. Rc1 Nf6 19. Nxf6+ Rxf6 20. Rc7 b6 21.
Qa4 Bh3 22. f3 Rg6 23. Rf2 Qf5 24. Qh4 Rc8 25. Rxc8+ Qxc8 26. Kh1 Qf5 27. Qe4 Qxe4 28. fxe4 Bd7 29. Rc2 Rf6 30. Kg1 Bb5 31. h3 Rf7 32.
Rc8+ Kh7 33. b3 Bd3 34. Rd8 Bxe4 35. Rxd6 Bc2 36. b4 e4 37. Re6 Bb3 38. Re5 Rd7 39. Rxe4 Rxd5 40. Re7 Rd6 41. Rxa7 b5 42. Bc5 Rg6 43. Bd4 Bd5 44. g4 h5 45. Kh2 hxg4 46.
h4 g3+ 47. Kg1 g2 48. a4 bxa4 49.
Rxa4 Rc6 50. Ra7 Rc1+ 51. Kh2 Rh1+ 52. Kg3 g1=Q+ 53. Bxg1 Rxg1+ 54. Kf4 Bc4 55. Rc7 Bb5 56. Rc5 Be2 57. Ke3 Bg4 58. b5 Rb1 59. Rg5 Bd7 60.
h5 Rxb5 61. Rg1 Rxh5 62. Rd1 Be6 63. Rd6 Bf7 64. Kf4 Rh1 65. Kg3 Rg1+ 66. Kh2 Rg5 67. Rd4 Bh5 68. Rd6 Re5 69. Rd4 g5 70. Rd7+ Kh6 71.
Rd6+ Bg6 72. Rd4 Kh5 73. Kg3 Re3+ 74. Kf2 Ra3 75. Kg2 g4 76. Rb4 Kh4 77. Kh2 Ra2+ 78. Kg1 Kh3 79. Rb8 Ra1+ 80. Kf2 g3+ 81. Kf3 Bh5+ 82.
Kf4 Rf1+ 83. Ke3 g2 84. Rb3 g1=Q+ 85. Kd2+ Rf3 0-1

[Event "*** Titled Tuesday Blitz"]
[Site "Chess.com"]
[Date "2018.05.01"]
[Round "3"]
[White "belisarius64"]
[Black "dukicz123"]
[Result "1/2-1/2"]
[WhiteElo "2461"]
[BlackElo "2331"]
[TimeControl "180+2"]
[EndTime "13:43:21 PDT"]
[Termination "Game drawn - insufficient material"]

1. d4 Nf6 2. Nf3 g6 3. Bf4 Bg7 4. Nbd2 d5 5. e3 O-O 6. Be2 Nbd7 7. O-O Nh5 8. Bg5 h6 9. Bh4 g5 10. Ne1 Nhf6 11. Bg3 c6 12. c4 dxc4 13. Nxc4 Nb6 14. Rc1 Bf5 15. f3 Bg6 16. e4 Nxc4 17. Bxc4 Nh5 18.
Bf2 Nf4 19. a4 Qd7 20. Kh1 Rad8 21. Nc2 e5 22. dxe5 Bxe5 23. Qxd7 Rxd7 24. Bxa7 Bxb2 25. Rb1 Be5 26. g3 Nh5 27. Be3 Ra8 28. f4 Bxe4+ 29. Kg1 gxf4 30. gxf4 Bf6 31. Rbc1 Bb2 32. Rb1 Bf6 33.
Rbc1 Kh7 34. Ne1 Rxa4 35. Be2 Ng7 36. Nf3 Nf5 37. Bf2 Ra2 38. Bc4 Ra3 39. Ne5 Rd2 40.
Bxf7 Nh4 41. Rce1 Bd5 42. Bxd5 Rxd5 43. Rb1 b5 44. Nxc6 Nf3+ 45. Kg2 Nd2 46. Rfd1 Rad3 47.
Rbc1 Nb3 48. Rxd3 Rxd3 49. Rc2 Rc3 50. Rb2 Rd3 51. Rb1 Nd2 52. Rxb5 Ne4 53. Ba7 Rd2+ 54. Kf3 Nc3 55. Rb7+ Kg6 56. Ne5+ Kf5 57. Ng4 Rd3+ 58. Ne3+ Kg6 59. Bc5 Rd8 60. Rb6 Kg7 61. Nf5+ Kf7 62. Nxh6+ Kg7 63. Nf5+ Kf7 64. Kg4 Ne4 65. Ba3 Rg8+ 66.
Kf3 Nd2+ 67. Ke3 Nc4+ 68. Ke4 Nxb6 69. Nh6+ Kg7 70. Nxg8 Kxg8 71. Kf5 Kf7 72. Kg4 Nc4 73. Bc5 Nd2 74. h4 Ne4 75. Be3 Nd6 76. h5 Kg7 77. f5 Kh7 78. Bf4 Nf7 79. Be3 Kg7 80. Bc5 Kh7 81.
Bf8 Nh6+ 82. Kf4 Nf7 83. Bb4 Bg5+ 84. Kg4 Bf6 85. Bf8 Nh6+ 86. Kf4 Nf7 87. Ke4 Bg7 88.
Bxg7 Kxg7 89. Kd5 Kf6 90. Ke4 Nd6+ 91. Kf4 Nxf5 92. h6 Nxh6 1/2-1/2

[Event "*** Titled Tuesday Blitz"]
[Site "Chess.com"]
[Date "2018.05.01"]
[Round "3"]
[White "Sven_Tica"]
[Black "MikaelyanArman"]
[Result "1-0"]
[WhiteElo "2639"]
[BlackElo "2617"]
[TimeControl "180+2"]
[EndTime "13:43:30 PDT"]
[Termination "Sven_Tica won by checkmate"]

1. d4 d5 2. c4 c6 3. Nf3 Nf6 4. e3 e6 5. b3 c5 6. Bb2 cxd4 7. exd4 Nc6 8. Be2 Be7 9. O-O O-O 10. Ne5 dxc4 11. Nxc6 bxc6 12. Bxc4 Nd5 13. Nc3 a5 14. Ne4 a4 15. Qe2 a3 16. Bc1 Qb6 17. Be3 Nxe3 18.
Qxe3 Ba6 19. Rac1 Rfd8 20. Bxa6 Rxa6 21. Rc4 Ra5 22. Nc5 Rb5 23. Rfc1 Bxc5 24. dxc5 Qb8 25. g3 h6 26. Ra4 Rb4 27. Rxa3 Qb5 28. Ra7 Rbd4 29. Qf3 R4d7 30. Rxd7 Rxd7 31. Rc4 Qa5 32. Qe2 Rd2 33. Ra4 Qc3 34. Qe4 g6 35. Ra7 Qxc5 36.
Ra8+ Kg7 37. Qf4 Rd1+ 38. Kg2 Qd5+ 39. Kh3 Rd4 40. Qb8 Qf5+ 41. Kg2 Qe4+ 42. Kh3 Kf6 43. Qh8+ Kg5 44. f4+ Kf5 45. Qxh6 Qf3 46. Qg5+ Ke4 47. Qe5+ Kd3 48. Ra4 Qf1+ 49. Kh4 Rxa4 50. bxa4 Qf2 51. h3 Qxa2 52. a5 Qa4 53. Qc5 f6 54. Qd6+ Kc2 55. Qxe6 g5+ 56. Kg4 gxf4 57. gxf4 c5 58. a6 c4 59. a7 Qxa7 60. Qxc4+ Kd2 61. Qd5+ Ke3 62. Qe6+ Kf2 63. Qxf6 Qd7+ 64. f5 Qd1+ 65.
Kg5 Qd2+ 66. Kg6 Qd7 67. Qh4+ Ke3 68. Qg3+ Ke4 69. Qg4+ Ke5 70. f6 Qd3+ 71. Kg7 Kd6 72. f7 Qc3+ 73. Kg8 Qb3 74. Qf4+ Ke7 75. Qe5+ Kd7 76. Qe8+ Kd6 77. Qd8+ Kc6 78. h4 Qg3+ 79. Qg5 Qb3 80. h5 Kd7 81. h6 Qe6 82. h7 Qb3 83. h8=Q Qb8+ 84. Kg7 Qb2+ 85. Kh7 Qh2+ 86. Qh6 Qc2+ 87. Qg6 Qh2+ 88. Kg8 Qb8+ 89. f8=N+ Ke7 90. Qhf6# 1-0

[Event "*** Titled Tuesday Blitz"]
[Site "Chess.com"]
[Date "2018.05.01"]
[Round "3"]
[White "Jospem"]
[Black "maciek_92"]
[Result "0-1"]
[WhiteElo "2682"]
[BlackElo "2596"]
[TimeControl "180+2"]
[EndTime "13:43:42 PDT"]
[Termination "maciek_92 won by resignation"]

1. e4 c5 2. Nf3 Nc6 3. Bb5 g6 4. Bxc6 bxc6 5. O-O Bg7 6. Re1 Rb8 7. Nc3 e5 8. a3 Ne7 9. b4 c4 10. d4 cxd3 11. Nd4 exd4 12. Na4 dxc2 13. Qd3 O-O 14. Bb2 d5 15. Qxc2 dxe4 16. Qxe4 Be6 17. Nc5 Qd5 18. Qf4 Rbc8 19. Rad1 Rfd8 20. Nb7 Rf8 21. Bxd4 Bxd4 22.
Rxd4 Qf5 23. Qd2 Rb8 24. Nd6 Qh5 25. Ne4 Qe5 26. Nc5 Qf6 27. Ne4 Qg7 28. Rd6 Nf5 29. Rxc6 Rfd8 30. Qg5 h6 31. Qf4 Nd4 32. Rcc1 Bf5 33.
Ng3 Ne6 34. Qe3 Bd3 35. Qxa7 Ra8 36. Qb6 Qd4 37. Qxd4 Nxd4 38. Rc3 Ne6 39. h4 h5 40. Re5 Rd6 41. Kh2 Kg7 42. Re3 Bb5 43. Ne4 Rd4 44.
f3 Rad8 45. Kg3 Rd1 46. Nf2 R1d5 47. Kh2 Nd4 48. Rc7 Nf5 49. Re4 Rd2 50. Nh3 Bf1 51.
Nf4 R8d7 52. Rxd7 Rxd7 53. a4 Rd2 54. Kg1 Ba6 55. b5 Bb7 56. Rb4 Ra2 57. Nd3 Ne3 58. Nf4 f6 59. Rd4 Kh6 60. Rd7 Bc8 61. Rd8 Bf5 62. Re8 Nc4 63. Nd5 Rxa4 64. Nxf6 Ra1+ 65. Kh2 Rb1 66. Re7 g5 67. hxg5+ Kxg5 68. Ne4+ Kg6 69.
Nc3 Rb2 70. Re2 Rb3 71. Nd5 Rxb5 72. Nf4+ Kg5 73. g3 Rb3 74. Kg2 Bd7 75. Re7 Bc6 76. Ne6+ Kf6 77. Rc7 Bxf3+ 78. Kf2 Ne5 79. Nd4 Ng4+ 80.
Ke1 Rb1+ 81. Kd2 Rd1+ 82. Kc3 Rc1+ 83. Nc2 Be4 84. Kd4 Rxc2 85. Ra7 Bf5 86. Ra6+ Kg5 87. Ra5 Rg2 88. Ra8 Rxg3 89. Rg8+ Bg6 0-1

[Event "*** Titled Tuesday Blitz"]
[Site "Chess.com"]
[Date "2018.05.01"]
[Round "4"]
[White "2Tilted"]
[Black "Er_is_geen_hoop_meer"]
[Result "1-0"]
[WhiteElo "2288"]
[BlackElo "2339"]
[TimeControl "180+2"]
[EndTime "13:46:14 PDT"]
[Termination "2Tilted won by checkmate"]

1. d4 Nf6 2. Nf3 g6 3. c4 Bg7 4. Nc3 O-O 5. e4 d6 6. Be2 e5 7.
O-O Nc6 8. d5 Ne7 9. b4 a5 10.
Ba3 axb4 11. Bxb4 b6 12. a4 Re8 13. a5 bxa5 14. Bxa5 Nd7 15. Nb5 Rxa5 16. Rxa5 f5 17.
Ra8 Nb6 18. Rb8 c6 19. dxc6 Nxc6 20. Rxb6 Qxb6 21. Nxd6 Rd8 22. Qd5+ Kh8 23. Nf7+ Kg8 24. Nh6+ Kh8 25. Qg8+ Rxg8 26. Nf7# 1-0

[Event "*** Titled Tuesday Blitz"]
[Site "Chess.com"]
[Date "2018.05.01"]
[Round "4"]
[White "aa175"]
[Black "gmcorrales"]
[Result "0-1"]
[WhiteElo "1863"]
[BlackElo "2731"]
[TimeControl "180+2"]
[EndTime "13:46:22 PDT"]
[Termination "gmcorrales won by resignation"]

1. e4 h6 2. Nc3 a6 3. d4 b5 4. a3 d6 5. Nf3 Bb7 6. Bf4 e6 7. Be2 g5 8. Bg3 Bg7 9. h4 g4 10. Nd2 h5 11. Nb3 Ne7 12. Na5 Bc8 13. b4 Nbc6 14. Nxc6 Nxc6 15. O-O Nxd4 16. e5 dxe5 17. Ne4 f5 18. Nc5 f4 19. Bh2 Qxh4 20. c3 Nxe2+ 21. Qxe2 O-O 22. g3 Qh3 23. Qe4 f3 0-1

[Event "*** Titled Tuesday Blitz"]
[Site "Chess.com"]
[Date "2018.05.01"]
[Round "4"]
[White "Kawhi_Leonard2"]
[Black "b_6"]
[Result "1-0"]
[WhiteElo "2166"]
[BlackElo "2292"]
[TimeControl "180+2"]
[EndTime "13:47:13 PDT"]
[Termination "Kawhi_Leonard2 won by resignation"]

1. e4 e6 2. d4 d5 3. Nd2 Be7 4. Bd3 c5 5. Ngf3 cxd4 6. Nxd4 dxe4 7. Nxe4 Nf6 8. O-O O-O 9. c3 Nbd7 10. Qc2 Nxe4 11.
Bxe4 Nf6 12. Bf3 e5 13. Nf5 Bxf5 14. Qxf5 Qc7 15. Be3 Rfd8 16. Rfd1 h6 17. g3 a6 18. a4 b5 19. Bxa8 Rxa8 20. axb5 1-0

[Event "*** Titled Tuesday Blitz"]
[Site "Chess.com"]
[Date "2018.05.01"]
[Round "4"]
[White "robbykevlishvili"]
[Black "LADIESGET2KNOWME"]
[Result "0-1"]
[WhiteElo "2533"]
[BlackElo "2542"]
[TimeControl "180+2"]
[EndTime "13:47:14 PDT"]
[Termination "LADIESGET2KNOWME won by resignation"]

1. e4 e5 2. Nf3 Nc6 3. Bb5 a6 4. Ba4 Nf6 5. d3 b5 6. Bb3 Bc5 7. Nc3 O-O 8. h3 Bb7 9. a3 Re8 10. Qe2 Nd4 11. Nxd4 exd4 12. Nd1 Nxe4 13. Bxf7+ Kxf7 14. Qh5+ Kg8 15. dxe4 Rxe4+ 16. Kf1 Qe7 17. Bd2 Re8 18.
Kg1 Re1+ 19. Kh2 Bd6+ 20. f4 Re2 0-1

[Event "*** Titled Tuesday Blitz"]
[Site "Chess.com"]
[Date "2018.05.01"]
[Round "4"]
[White "GameOverBro"]
[Black "WanderingPuppet"]
[Result "0-1"]
[WhiteElo "2416"]
[BlackElo "2329"]
[TimeControl "180+2"]
[EndTime "13:47:17 PDT"]
[Termination "WanderingPuppet won by checkmate"]

1. e4 c5 2. Ne2 e6 3. d4 cxd4 4. Nxd4 Nf6 5. Nc3 d6 6. g3 a6 7.
Bg2 Qc7 8. O-O Be7 9. Nce2 O-O 10. b3 Nbd7 11. Bb2 Nc5 12. f3 e5 13. Nf5 Bxf5 14. exf5 d5 15. g4 h6 16. f4 e4 17. g5 hxg5 18.
fxg5 Ng4 19. Qd4 Qxh2# 0-1

[Event "*** Titled Tuesday Blitz"]
[Site "Chess.com"]
[Date "2018.05.01"]
[Round "4"]
[White "popov_m"]
[Black "Mbneu"]
[Result "1-0"]
[WhiteElo "2388"]
[BlackElo "2275"]
[TimeControl "180+2"]
[EndTime "13:47:53 PDT"]
[Termination "popov_m won by resignation"]

1. d4 d5 2. Bf4 e6 3. e3 Bd6 4. Bg3 Ne7 5. Nd2 Nf5 6. Bd3 Nd7 7.
Ngf3 Nf6 8. c3 a6 9. Qc2 c5 10.
dxc5 Bxc5 11. e4 dxe4 12. Nxe4 Nxe4 13. Bxe4 O-O 14. Bf4 h6 15. Bd3 Nh4 16. O-O-O Nxf3 17. Bh7+ Kh8 18. Rxd8 Rxd8 19. gxf3 1-0

[Event "*** Titled Tuesday Blitz"]
[Site "Chess.com"]
[Date "2018.05.01"]
[Round "4"]
[White "JSPrepz"]
[Black "Didici"]
[Result "1-0"]
[WhiteElo "2630"]
[BlackElo "2420"]
[TimeControl "180+2"]
[EndTime "13:48:16 PDT"]
[Termination "JSPrepz won by resignation"]

1. e4 e5 2. Nf3 Nc6 3. Nc3 Nf6 4. a3 d5 5. Bb5 Nxe4 6. Nxe5 Nxc3 7. dxc3 Qd6 8. O-O Be7 9. Bf4 Qc5 10. a4 O-O 11. Nd3 Qb6 12. Be3 d4 13. cxd4 a6 14. Bc4 Nxd4 15. c3 Qc6 16. Ne5 Qe4 17. Qxd4 1-0

[Event "*** Titled Tuesday Blitz"]
[Site "Chess.com"]
[Date "2018.05.01"]
[Round "4"]
[White "MikaelyanArman"]
[Black "MFBerna"]
[Result "1-0"]
[WhiteElo "2619"]
[BlackElo "2290"]
[TimeControl "180+2"]
[EndTime "13:48:25 PDT"]
[Termination "MikaelyanArman won by resignation"]

1. e4 c6 2. d4 d5 3. exd5 cxd5 4. c4 Nf6 5. Nc3 Nc6 6. Nf3 e6 7. cxd5 Nxd5 8. Bd3 Be7 9. O-O O-O 10. a3 b6 11.
Nxd5 Qxd5 12. Qc2 Bb7 13. Bxh7+ Kh8 14. Be4 Nxd4 15. Bxd5 Nxc2 16. Bxb7 Nxa1 17. Bxa8 Rxa8 18. Nd4 Bf6 19. Be3 e5 20. Nc6 Nc2 21. Rc1 Nxe3 22. fxe3 Rc8 23. b4 b5 24. Rc5 a6 25. Kf2 e4 26. g4 Bb2 27. Rh5+ Kg8 28. Ne7+ Kf8 29. Nxc8 g6 30. Rd5 1-0

[Event "*** Titled Tuesday Blitz"]
[Site "Chess.com"]
[Date "2018.05.01"]
[Round "4"]
[White "TrimitziosP7"]
[Black "LoydBlankenship"]
[Result "1-0"]
[WhiteElo "2529"]
[BlackElo "2360"]
[TimeControl "180+2"]
[EndTime "13:48:43 PDT"]
[Termination "TrimitziosP7 won by resignation"]

1. Nf3 Nf6 2. c4 g6 3. b3 Bg7 4. Bb2 O-O 5. d4 d6 6. g3 c5 7. Bg2 Nc6 8. O-O Re8 9. Nc3 Bd7 10. Qd2 a6 11. Rfd1 Qa5 12. d5 Nd8 13. e4 Rb8 14. e5 dxe5 15. Nxe5 b5 16. Rac1 Nb7 17. Ba1 Nd6 18. Ne4 Qxd2 19. Nxd2 Rec8 20. f4 Rb7 21. Ndf3 h6 22. Ne1 Bg4 23. Rd2 Nfe4 24. Rdc2 g5 25.
Nxg4 1-0

[Event "*** Titled Tuesday Blitz"]
[Site "Chess.com"]
[Date "2018.05.01"]
[Round "4"]
[White "windking123"]
[Black "ChessicallyInclined"]
[Result "0-1"]
[WhiteElo "2287"]
[BlackElo "2196"]
[TimeControl "180+2"]
[EndTime "13:48:54 PDT"]
[Termination "ChessicallyInclined won on time"]

1. d4 Nf6 2. c4 g6 3. Nc3 Bg7 4. e4 d6 5. Nf3 O-O 6. Be2 e5 7. O-O exd4 8. Nxd4 Re8 9. f3 c6 10. Be3 d5 11. cxd5 cxd5 12. Ndb5 a6 13. Na7 Be6 14. Na4 Nbd7 15. Qb3 d4 16. Qxb7 dxe3 17. Rad1 Qa5 18.
b3 Nc5 19. Nxc5 Qxc5 20. Rc1 Qxa7 0-1

[Event "*** Titled Tuesday Blitz"]
[Site "Chess.com"]
[Date "2018.05.01"]
[Round "4"]
[White "Alexander_Moskalenko"]
[Black "Fins0905"]
[Result "1-0"]
[WhiteElo "2747"]
[BlackElo "2566"]
[TimeControl "180+2"]
[EndTime "13:49:03 PDT"]
[Termination "Alexander_Moskalenko won by resignation"]

1. e4 d5 2. exd5 Qxd5 3. Nc3 Qd8 4. Nf3 Nf6 5. d4 Bg4 6. Bc4 e6 7. h3 Bh5 8. g4 Bg6 9. Ne5 Nbd7 10. Qf3 Bb4 11. O-O c6 12. Bb3 Nxe5 13. dxe5 Nd7 14. Bf4 O-O 15. Rad1 Qc7 16. Ne4 Nxe5 17. Qg3 Bxe4 18.
Bxe5 Qb6 19. Qf4 Bg6 20. Bc7 Qb5 21. a4 Qc5 22. Bd6 Qb6 23. Qxb4 Rfd8 24. Qxb6 axb6 25. Bc7 1-0

[Event "*** Titled Tuesday Blitz"]
[Site "Chess.com"]
[Date "2018.05.01"]
[Round "4"]
[White "plumalka"]
[Black "akretchetov"]
[Result "0-1"]
[WhiteElo "2018"]
[BlackElo "2284"]
[TimeControl "180+2"]
[EndTime "13:49:16 PDT"]
[Termination "akretchetov won by resignation"]

1. e4 e5 2. Nf3 Nc6 3. Bc4 Bc5 4. c3 Nf6 5. d3 a6 6. Bb3 d6 7. Nbd2 O-O 8. h3 Re8 9. Nf1 Be6 10. Bc2 h6 11. Ng3 d5 12. Qe2 d4 13. Nh2 b5 14.
Ng4 dxc3 15. bxc3 b4 16. Qf3 Nxg4 17. hxg4 bxc3 18. Be3 Nb4 19. Bxc5 Nxc2+ 20. Ke2 Nxa1 21. Rxa1 Qg5 22. Nf5 Bxf5 23. gxf5 Qd2+ 24. Kf1 Rad8 25. Be3 Qxd3+ 26. Kg1 c2 27. Kh2 Qd1 28. Qg3 Qh5+ 29.
Qh3 Qxh3+ 30. Kxh3 Rd1 31. Rc1 Rxc1 32. Bxc1 Rd8 33.
Kg3 Rd1 0-1

[Event "*** Titled Tuesday Blitz"]
[Site "Chess.com"]
[Date "2018.05.01"]
[Round "4"]
[White "dhanushbharadwaj"]
[Black "juniortay"]
[Result "1-0"]
[WhiteElo "2522"]
[BlackElo "2355"]
[TimeControl "180+2"]
[EndTime "13:49:18 PDT"]
[Termination "dhanushbharadwaj won by resignation"]

1. Nf3 Nf6 2. c4 g6 3. b4 Bg7 4. Bb2 O-O 5. e3 d6 6. Be2 Nbd7 7. O-O e5 8. d3 Nh5 9. Qc2 f5 10. Nbd2 Qe8 11. c5 d5 12. c6 Nb6 13. cxb7 Bxb7 14. Qxc7 Rf7 15. Qc2 Rc8 16. Qb3 Kh8 17. Rac1 Rfc7 18.
Rxc7 Rxc7 19. Rc1 Rxc1+ 20. Bxc1 e4 21. Ng5 f4 22. Bxh5 fxe3 23. fxe3 gxh5 24. Bb2 Qg6 25.
Bxg7+ Kxg7 26. Qc3+ Kh6 27. h4 exd3 28. Qc7 Qg7 29. Qd6+ Qg6 30. Qf8+ Qg7 31. Nf7+ Kg6 32. Nh8+ Kh6 33. Qf4+ 1-0

[Event "*** Titled Tuesday Blitz"]
[Site "Chess.com"]
[Date "2018.05.01"]
[Round "4"]
[White "schoolmeester"]
[Black "Firouzja2003"]
[Result "0-1"]
[WhiteElo "2702"]
[BlackElo "2865"]
[TimeControl "180+2"]
[EndTime "13:49:19 PDT"]
[Termination "Firouzja2003 won by resignation"]

1. e4 c5 2. Nf3 Nc6 3. d4 cxd4 4.
Nxd4 Nf6 5. Nc3 d6 6. Bc4 e6 7. Be3 a6 8. Qe2 Bd7 9. O-O b5 10. Bb3 Nxd4 11. Bxd4 b4 12. Nd1 e5 13. Be3 Be7 14.
f4 O-O 15. Nf2 Bb5 16. Bc4 Bxc4 17. Qxc4 exf4 18. Bxf4 d5 19. exd5 Qxd5 20. Qc7 Bc5 21. Rae1 Ng4 0-1

[Event "*** Titled Tuesday Blitz"]
[Site "Chess.com"]
[Date "2018.05.01"]
[Round "4"]
[White "Fandorine"]
[Black "belisarius64"]
[Result "1-0"]
[WhiteElo "2718"]
[BlackElo "2458"]
[TimeControl "180+2"]
[EndTime "13:49:33 PDT"]
[Termination "Fandorine won by resignation"]

1. e4 e5 2. Bc4 Nf6 3. d3 Bc5 4. Nf3 Nc6 5. O-O O-O 6. c3 d6 7. a4 a6 8. h3 Ne7 9. Re1 Ng6 10. Nbd2 c6 11. Bb3 h6 12. Nf1 Ba7 13. a5 Be6 14. Ng3 Nf4 15. Bxf4 exf4 16. Ne2 g5 17. Ned4 Qd7 18.
Nxe6 fxe6 19. e5 Nd5 20. d4 Rae8 21. Qd3 Rf5 22. exd6 Qxd6 23. Qxf5 exf5 24. Rxe8+ Kf7 25.
Re5 Kf6 26. Bc2 c5 27. Rxf5+ Kg7 28. Rd1 c4 29. Re1 Nf6 30. Rfe5 g4 31. hxg4 Nxg4 32. Re6 Qd5 33. Rg6+ Kf8 34. Rxg4 b5 35. Rxf4+ Kg8 36. Re8+ Kg7 37. Re7+ Kg8 38. Bh7+ 1-0

[Event "*** Titled Tuesday Blitz"]
[Site "Chess.com"]
[Date "2018.05.01"]
[Round "4"]
[White "vovachesss"]
[Black "Jospem"]
[Result "0-1"]
[WhiteElo "2388"]
[BlackElo "2685"]
[TimeControl "180+2"]
[EndTime "13:49:57 PDT"]
[Termination "Jospem won by resignation"]

1. c4 Nf6 2. Nc3 c5 3. b3 g6 4. Bb2 Bg7 5. g3 O-O 6. Bg2 d6 7. e3 e5 8. Nge2 Nc6 9. O-O Bf5 10. d4 e4 11. dxc5 dxc5 12. Nf4 Nb4 13. h3 h5 14. Qe2 Qa5 15. Ncd5 Nfxd5 16. Nxd5 Nxd5 17. Bxg7 Nc3 18. Bxc3 Qxc3 19. Rac1 Qe5 20. Rfd1 Rad8 21. Rd2 Rxd2 22. Qxd2 b6 23. Rd1 Re8 24. Qe2 Qf6 25. Rd5 Kg7 26. Qd2 Re6 27. Rd8 a5 28. a4 g5 29. Rd5 Bg6 30. Bf1 h4 31. g4 Kh6 32.
Bg2 Qa1+ 33. Kh2 Rf6 34. Rd6 Qe5+ 35. f4 exf3+ 0-1

[Event "*** Titled Tuesday Blitz"]
[Site "Chess.com"]
[Date "2018.05.01"]
[Round "4"]
[White "Justmig"]
[Black "amiralfio"]
[Result "0-1"]
[WhiteElo "2494"]
[BlackElo "2360"]
[TimeControl "180+2"]
[EndTime "13:49:59 PDT"]
[Termination "amiralfio won on time"]

1. d4 Nf6 2. Bg5 Ne4 3. Bf4 c5 4. f3 Qa5+ 5. c3 Nf6 6. d5 e6 7. e4 Be7 8. Nd2 exd5 9. exd5 Nxd5 10. Nc4 Nxc3 11. Nxa5 Nxd1 12. Rxd1 b6 13. Nc4 Bb7 14. Nd6+ Bxd6 15. Bxd6 Nc6 16. Bc4 f6 17. Ne2 O-O-O 18. Kf2 Na5 19. Bf7 Bc6 20. Be7 d5 21. Bxd8 Rxd8 22.
b4 Nc4 23. bxc5 bxc5 24. Nc3 Nb6 25. Rc1 c4 0-1

[Event "*** Titled Tuesday Blitz"]
[Site "Chess.com"]
[Date "2018.05.01"]
[Round "4"]
[White "djano"]
[Black "igorkovalenko"]
[Result "0-1"]
[WhiteElo "2451"]
[BlackElo "2727"]
[TimeControl "180+2"]
[EndTime "13:50:01 PDT"]
[Termination "igorkovalenko won by resignation"]

1. e4 c6 2. d4 d6 3. Nc3 Nf6 4. Nf3 Bg4 5. Be2 e6 6. h3 Bh5 7. Be3 Be7 8. Nd2 Bg6 9. f4 d5 10. e5 Nfd7 11. O-O h5 12. Nf3 h4 13. Bd3 Bxd3 14.
Qxd3 g6 15. Ne2 c5 16. c4 dxc4 17. Qxc4 Nb6 18. Qb3 c4 19. Qc2 Nd5 20. Bd2 Nc6 21. Qxc4 Qb6 22. b3 Rd8 23. Kh1 O-O 24. Rad1 Kg7 25.
Qc1 Rc8 26. Qb2 Rh8 27. Rc1 a5 28. a3 Qa6 29. Rc4 b5 30. Rcc1 b4 31. Be1 bxa3 32.
Qd2 Ncb4 33. Rxc8 Rxc8 34. Bxh4 Bxh4 35. Nxh4 Rc2 36. Qe1 Qxe2 37. Qg3 Qxf1+ 0-1

[Event "*** Titled Tuesday Blitz"]
[Site "Chess.com"]
[Date "2018.05.01"]
[Round "4"]
[White "tigra"]
[Black "Sanan_Sjugirov"]
[Result "1-0"]
[WhiteElo "2737"]
[BlackElo "2789"]
[TimeControl "180+2"]
[EndTime "13:50:13 PDT"]
[Termination "tigra won by resignation"]

1. e4 c5 2. Nf3 d6 3. d4 cxd4 4. Nxd4 Nf6 5. Nc3 a6 6. Bg5 e6 7. h4 h6 8. Be3 Nbd7 9. g4 Ne5 10. Rg1 h5 11. g5 Nfg4 12. Bc1 b5 13. f3 b4 14. Na4 Bd7 15. b3 Bxa4 16. bxa4 d5 17. fxg4 dxe4 18. Be2 hxg4 19. Bf4 Nf3+ 20. Nxf3 gxf3 21.
Qxd8+ Kxd8 22. O-O-O+ Ke8 23. Bc4 Rxh4 24. Be3 g6 25.
Rh1 Rxh1 26. Rxh1 Bg7 27. Rh4 Kd7 28. Rxe4 Rh8 29. Rf4 Rh1+ 30. Kd2 Bc3+ 31. Kd3 a5 32. Rxf7+ 1-0

[Event "*** Titled Tuesday Blitz"]
[Site "Chess.com"]
[Date "2018.05.01"]
[Round "4"]
[White "DrVelja"]
[Black "Mikhail_Golubev"]
[Result "1-0"]
[WhiteElo "2528"]
[BlackElo "2366"]
[TimeControl "180+2"]
[EndTime "13:50:15 PDT"]
[Termination "DrVelja won by resignation"]

1. e4 c5 2. Nf3 d6 3. d4 cxd4 4. Nxd4 Nf6 5. Nc3 g6 6. Be3 Bg7 7. f3 Nc6 8. Qd2 O-O 9. O-O-O d5 10. Nxc6 bxc6 11. Bh6 Bxh6 12. Qxh6 Rb8 13. e5 Nd7 14.
Rd4 Re8 15. e6 f5 16. exd7 Qxd7 17. f4 Qc7 18. Rd3 e6 19. h4 Ba6 20. Rg3 Bxf1 21.
Rxf1 d4 22. h5 Qb6 23. Nd1 1-0

[Event "*** Titled Tuesday Blitz"]
[Site "Chess.com"]
[Date "2018.05.01"]
[Round "4"]
[White "chidori_boruto"]
[Black "guillembaches"]
[Result "1-0"]
[WhiteElo "2530"]
[BlackElo "2241"]
[TimeControl "180+2"]
[EndTime "13:50:19 PDT"]
[Termination "chidori_boruto won by resignation"]

1. d4 Nf6 2. Bf4 e6 3. e3 d5 4. Nf3 Bd6 5. Bg3 O-O 6. Nbd2 c5 7.
c3 Nc6 8. Bb5 a6 9. Bxc6 bxc6 10. Qa4 Qc7 11. Bxd6 Qxd6 12. Qa3 Rb8 13. Nb3 Nd7 14. O-O e5 15. dxe5 Nxe5 16. Nxe5 Qxe5 17. Qxc5 Re8 18. Rad1 Re6 19. Qd4 Qh5 20. Qf4 Ra8 21.
Qc7 h6 22. Rd2 Rg6 23. f3 Kh7 24. Nd4 Bh3 25. Kh1 Re8 26. gxh3 Rxe3 27. Rg2 Qxh3 28. Rxg6 Qxf1+ 29. Rg1 Qf2 30. Qxf7 1-0

[Event "*** Titled Tuesday Blitz"]
[Site "Chess.com"]
[Date "2018.05.01"]
[Round "4"]
[White "Caterpiller35"]
[Black "Zaven_ChessMood"]
[Result "0-1"]
[WhiteElo "2227"]
[BlackElo "2857"]
[TimeControl "180+2"]
[EndTime "13:50:44 PDT"]
[Termination "Zaven_ChessMood won by resignation"]

1. d4 Nf6 2. Bf4 g6 3. Nc3 Bg7 4. e4 d6 5. Nf3 O-O 6. Qd2 Bg4 7. Bh6 Bxf3 8. gxf3 Nc6 9. O-O-O e5 10. Bxg7 Kxg7 11. d5 Nd4 12. f4 c6 13. fxe5 dxe5 14. f4 Nd7 15. dxc6 bxc6 16. fxe5 c5 17. h4 h5 18. e6 fxe6 19. Bc4 Ne5 20. Bb3 Qf6 21. Kb1 Rad8 22. Qh2 Ndf3 23. Qg3 c4 24. Ba4 Rxd1+ 25.
Rxd1 Qxh4 26. Qg2 Qh2 27. Qxh2 Nxh2 28. b4 h4 29. Bd7 Rf6 30. b5 Nhf3 31. a4 h3 32. Bc8 h2 33. Rh1 g5 34. a5 g4 35.
b6 axb6 36. axb6 g3 37. b7 Nc6 38. Bd7 g2 39. Rd1 Nb8 0-1